PCL
GRESHAM GOLD SOULS @ LANSING LUGNUTS
05/26/2024
 
TOP OF THE 1ST
Gresham Gold Souls batting - Pitching for Lansing Lugnuts : RHP Raúl Contreras
Pitching: RHP Raúl Contreras
Batting: LHB Mike Young 0-0: Fly out, F8 (Flyball, 8LXD)
Batting: RHB Carlos García 0-0: Ball
1-0: Ball
2-0: Called Strike
2-1: Ball
3-1: TRIPLE (Line Drive, 5L)
Batting: RHB Lorenzo Morín 0-0: Called Strike
0-1: Called Strike
0-2: Fly out, F3 (Popup, 34)
Batting: RHB Lorenzo Guzmán 0-0: SINGLE (Groundball, 6M)
Carlos García scores
Batting: RHB Claudio Guerra 0-0: Ball
Lorenzo Guzmán steals 2nd base
1-0: Foul Ball, location: 2F
1-1: Called Strike
1-2: Strikes out swinging
Top of the 1st over - 1 run(s), 2 hit(s), 0 error(s), 1 left on base; Gresham 1 - Lansing 0
BOTTOM OF THE 1ST
Lansing Lugnuts batting - Pitching for Gresham Gold Souls : RHP Arturo Martínez
Pitching: RHP Arturo Martínez
Batting: LHB Francisco Marino 0-0: Ball
1-0: Ball
2-0: Fly out, F5 (Popup, 5DF)
Batting: RHB Matt Silver 0-0: Ball
1-0: SINGLE (Groundball, 56D)
Batting: RHB Jim Tracy 0-0: Foul Ball, location: 2F
0-1: Foul Ball, location: 2F
0-2: SINGLE (Line Drive, 4M)
Matt Silver to second
Batting: RHB Jeff Packard 0-0: Called Strike
0-1: Swinging Strike
0-2: DOUBLE (Line Drive, 9LM)
Matt Silver scores
Jim Tracy to third
Batting: LHB Jeffrey Satterley 0-0: Ball
1-0: Fly out, F6 (Popup, 56D)
Batting: RHB Sadao Kimura 0-0: Ball
1-0: Called Strike
1-1: Foul Ball, location: 2F
1-2: Foul Ball, location: 2F
1-2: Foul Ball, location: 2F
1-2: Foul Ball, location: 2F
1-2: Ball
2-2: SINGLE (Line Drive, 7LM)
Jim Tracy scores
Jeff Packard to third
Runner from 3rd tries for Home, SAFE, no throw or cutoff
Batting: LHB Juan Colón 0-0: Fly out, F3 (Popup, 3SF)
Bottom of the 1st over - 3 run(s), 4 hit(s), 0 error(s), 1 left on base; Gresham 1 - Lansing 3
TOP OF THE 2ND
Gresham Gold Souls batting - Pitching for Lansing Lugnuts : RHP Raúl Contreras
Batting: RHB Pablo Lucero 0-0: Ball
1-0: Foul Ball, location: 2F
1-1: Hit by Pitch
Batting: SHB Sean Carr 0-0: Ball
1-0: Swinging Strike
1-1: Ball
2-1: Fielders Choice at 2nd, 4-6 (Groundball, 34)
Batting: RHB Pablo Castillo 0-0: SINGLE (Groundball, 56D)
Sean Carr to second
Batting: RHB Luke McIndoe 0-0: Ball
1-0: Ball
2-0: Foul Ball, location: 2F
2-1: Ball
3-1: Base on Balls
Sean Carr to third
Pablo Castillo to second
Batting: LHB Mike Young 0-0: Ball
1-0: Foul Ball, location: 2F
1-1: Foul Ball, location: 2F
1-2: Fly out, F1 (Line Drive, 13)
Batting: RHB Carlos García 0-0: Called Strike
0-1: SINGLE (Groundball, 56D)
Sean Carr scores
Pablo Castillo to third
Luke McIndoe to second
Runner from 3rd tries for Home, SAFE, no throw or cutoff
Batting: RHB Lorenzo Morín 0-0: Foul Ball, location: 2F
0-1: Ball
1-1: Swinging Strike
1-2: Strikes out looking
Top of the 2nd over - 2 run(s), 2 hit(s), 0 error(s), 2 left on base; Gresham 3 - Lansing 3
BOTTOM OF THE 2ND
Lansing Lugnuts batting - Pitching for Gresham Gold Souls : RHP Arturo Martínez
Batting: RHB Lu-fang Huie 0-0: Ground out 4-3 (Groundball, 4)
Batting: RHB Michael Woodruff 0-0: Called Strike
0-1: Foul Ball, location: 2F
0-2: Ball
Single, Error in OF, E7, batter to second base
Batting: LHB Francisco Marino 0-0: Foul Ball, location: 2F
0-1: Ball
1-1: Foul Ball, location: 2F
1-2: Ball
2-2: Strikes out swinging
Batting: RHB Matt Silver Reached via error on a dropped throw, E3
Michael Woodruff to third
Batting: RHB Jim Tracy 0-0: Ball
1-0: Foul Ball, location: 2F
1-1: Foul Ball, location: 2F
1-2: Foul Ball, location: 2F
1-2: Ball
2-2: Fly out, F8 (Flyball, 8RS)
Bottom of the 2nd over - 0 run(s), 1 hit(s), 2 error(s), 2 left on base; Gresham 3 - Lansing 3
TOP OF THE 3RD
Gresham Gold Souls batting - Pitching for Lansing Lugnuts : RHP Raúl Contreras
Batting: RHB Lorenzo Guzmán 0-0: Ball
1-0: Called Strike
1-1: Ball
2-1: Swinging Strike
2-2: Fly out, F7 (Flyball, 7LM)
Batting: RHB Claudio Guerra 0-0: Called Strike
0-1: Called Strike
0-2: Ball
1-2: Foul Ball, location: 2F
1-2: Foul Ball, location: 2F
1-2: Fly out, F4 (Popup, 4D)
Batting: RHB Pablo Lucero 0-0: Called Strike
0-1: Called Strike
0-2: Ball
1-2: Ground out 5-3 (Groundball, 56)
Top of the 3rd over - 0 run(s), 0 hit(s), 0 error(s), 0 left on base; Gresham 3 - Lansing 3
BOTTOM OF THE 3RD
Lansing Lugnuts batting - Pitching for Gresham Gold Souls : RHP Arturo Martínez
Batting: RHB Jeff Packard 0-0: Ball
1-0: Ball
2-0: Fly out, F4 (Popup, 3L)
Batting: LHB Jeffrey Satterley 0-0: Called Strike
0-1: Foul Ball, location: 2F
0-2: Foul Ball, location: 2F
0-2: Ball
1-2: Ball
2-2: Foul Ball, location: 2F
2-2: Foul Ball, location: 2F
2-2: Ground out U3 (Groundball, 3S)
Batting: RHB Sadao Kimura 0-0: Ball
1-0: Ball
2-0: Called Strike
2-1: Fly out, F9 (Popup, 4D)
Bottom of the 3rd over - 0 run(s), 0 hit(s), 0 error(s), 0 left on base; Gresham 3 - Lansing 3
TOP OF THE 4TH
Gresham Gold Souls batting - Pitching for Lansing Lugnuts : RHP Raúl Contreras
Batting: SHB Sean Carr 0-0: Ground out 6-3 (Groundball, 6)
Batting: RHB Pablo Castillo 0-0: Called Strike
0-1: Ball
1-1: Ball
2-1: Called Strike
2-2: Ball
3-2: Ground out 6-3 (Groundball, 6M)
Batting: RHB Luke McIndoe 0-0: Ball
1-0: Called Strike
1-1: Ground out 1-3 (Groundball, 13S)
Top of the 4th over - 0 run(s), 0 hit(s), 0 error(s), 0 left on base; Gresham 3 - Lansing 3
BOTTOM OF THE 4TH
Lansing Lugnuts batting - Pitching for Gresham Gold Souls : RHP Arturo Martínez
Batting: LHB Juan Colón 0-0: Swinging Strike
0-1: Foul Ball, location: 2F
0-2: Foul Ball, location: 2F
0-2: Ball
1-2: Strikes out looking
Batting: RHB Lu-fang Huie 0-0: Ball
1-0: Ball
2-0: Foul Ball, location: 2F
2-1: Ball
3-1: Foul Ball, location: 2F
3-2: Foul Ball, location: 2F
3-2: Base on Balls
Batting: RHB Michael Woodruff 0-0: Ball
1-0: Swinging Strike
1-1: Ball
Lu-fang Huie is caught stealing 2nd base
2-1: Foul Ball, location: 2F
2-2: Ball
3-2: Strikes out swinging
Bottom of the 4th over - 0 run(s), 0 hit(s), 0 error(s), 0 left on base; Gresham 3 - Lansing 3
TOP OF THE 5TH
Gresham Gold Souls batting - Pitching for Lansing Lugnuts : RHP Raúl Contreras
Batting: LHB Mike Young 0-0: Ground out 4-3 (Groundball, 4)
Batting: RHB Carlos García 0-0: Swinging Strike
0-1: Called Strike
0-2: Ground out 6-3 (Groundball, 6M)
Batting: RHB Lorenzo Morín 0-0: SOLO HOME RUN (Flyball, 7LD), Distance : 378 ft
Batting: RHB Lorenzo Guzmán 0-0: Called Strike
0-1: SINGLE (Line Drive, 56)
Batting: RHB Claudio Guerra 0-0: Swinging Strike
0-1: Swinging Strike
0-2: Ball
1-2: Strikes out swinging
Top of the 5th over - 1 run(s), 2 hit(s), 0 error(s), 1 left on base; Gresham 4 - Lansing 3
BOTTOM OF THE 5TH
Lansing Lugnuts batting - Pitching for Gresham Gold Souls : RHP Arturo Martínez
Batting: LHB Francisco Marino 0-0: Swinging Strike
0-1: Fly out, F4 (Popup, 4MD)
Batting: RHB Matt Silver 0-0: Fly out, F6 (Popup, 6D)
Batting: RHB Jim Tracy 0-0: Foul Ball, location: 2F
0-1: Fly out, F9 (Popup, 34D)
Bottom of the 5th over - 0 run(s), 0 hit(s), 0 error(s), 0 left on base; Gresham 4 - Lansing 3
TOP OF THE 6TH
Gresham Gold Souls batting - Pitching for Lansing Lugnuts : RHP Raúl Contreras
Pitching: RHP Joo-hyun Chong
Batting: RHB Pablo Lucero 0-0: Called Strike
0-1: Swinging Strike
0-2: Ball
1-2: Ground out 5-3 (Groundball, 5L)
Batting: SHB Sean Carr 0-0: Called Strike
0-1: Swinging Strike
0-2: Strikes out swinging
Batting: RHB Pablo Castillo 0-0: Ball
1-0: Called Strike
1-1: Called Strike
1-2: Strikes out swinging
Top of the 6th over - 0 run(s), 0 hit(s), 0 error(s), 0 left on base; Gresham 4 - Lansing 3
BOTTOM OF THE 6TH
Lansing Lugnuts batting - Pitching for Gresham Gold Souls : RHP Arturo Martínez
Batting: RHB Jeff Packard 0-0: Swinging Strike
0-1: Hit by Pitch
Batting: LHB Jeffrey Satterley 0-0: Ball
1-0: Foul Ball, location: 2F
1-1: Fielders Choice at 2nd, U6 (Groundball, 6M)
Pitching: RHP Chris Sullivan
Batting: RHB Sadao Kimura 0-0: Called Strike
0-1: Ball
1-1: Ball
2-1: Foul Ball, location: 2F
2-2: Ground out 4-3 (Groundball, 4MS)
Jeffrey Satterley to second
Batting: LHB Juan Colón 0-0: Called Strike
0-1: Ball
1-1: Ball
2-1: Ball
3-1: Base on Balls
Batting: RHB Lu-fang Huie 0-0: Ball
1-0: Ball
2-0: Foul Ball, location: 2F
2-1: Ball
3-1: Foul Ball, location: 2F
3-2: Foul Ball, location: 2F
3-2: Strikes out looking
Bottom of the 6th over - 0 run(s), 0 hit(s), 0 error(s), 2 left on base; Gresham 4 - Lansing 3
TOP OF THE 7TH
Gresham Gold Souls batting - Pitching for Lansing Lugnuts : RHP Joo-hyun Chong
Batting: RHB Luke McIndoe 0-0: Swinging Strike
0-1: Swinging Strike
0-2: Ball
1-2: Strikes out swinging
Batting: LHB Mike Young 0-0: Swinging Strike
0-1: Foul Ball, location: 2F
0-2: Foul Ball, location: 2F
0-2: Foul Ball, location: 2F
0-2: Strikes out swinging
Batting: RHB Carlos García 0-0: Called Strike
0-1: Called Strike
0-2: Strikes out looking
Top of the 7th over - 0 run(s), 0 hit(s), 0 error(s), 0 left on base; Gresham 4 - Lansing 3
BOTTOM OF THE 7TH
Lansing Lugnuts batting - Pitching for Gresham Gold Souls : RHP Chris Sullivan
Batting: RHB Michael Woodruff 0-0: Called Strike
0-1: Ball
1-1: Called Strike
1-2: Ball
2-2: Ball
3-2: Base on Balls
Batting: LHB Francisco Marino 0-0: Foul Ball, location: 2F
0-1: Foul Ball, location: 2F
0-2: Strikes out looking
Batting: RHB Matt Silver 0-0: Ball
1-0: Swinging Strike
1-1: Fly out, F8 (Flyball, 89D)
Batting: RHB Jim Tracy 0-0: Ball
1-0: Foul Ball, location: 2F
1-1: Called Strike
1-2: Foul Ball, location: 2F
1-2: Ball
2-2: SINGLE (Groundball, 34S)
Michael Woodruff to second
Runner from 2nd tries for 3rd, SAFE, throw made to third
Batting: RHB Jeff Packard 0-0: Ball
1-0: Foul Ball, location: 2F
1-1: Foul Ball, location: 2F
1-2: Fly out, F3 (Line Drive, 34)
Bottom of the 7th over - 0 run(s), 1 hit(s), 0 error(s), 2 left on base; Gresham 4 - Lansing 3
TOP OF THE 8TH
Gresham Gold Souls batting - Pitching for Lansing Lugnuts : RHP Joo-hyun Chong
Pitching: RHP Nicoláo Gericota
Batting: RHB Lorenzo Morín 0-0: Ball
1-0: Ground out 5-3 (Groundball, 56)
Batting: RHB Lorenzo Guzmán 0-0: Ball
1-0: Ball
2-0: Swinging Strike
2-1: Ball
3-1: Called Strike
3-2: Foul Ball, location: 2F
3-2: DOUBLE (Flyball, 89D)
Batting: RHB Claudio Guerra 0-0: Called Strike
0-1: Ball
1-1: Called Strike
1-2: Strikes out looking
Batting: RHB Pablo Lucero 0-0: Intentional Walk
Batting: SHB Sean Carr 0-0: Called Strike
0-1: Foul Ball, location: 2F
0-2: Ball
1-2: Strikes out swinging
Top of the 8th over - 0 run(s), 1 hit(s), 0 error(s), 2 left on base; Gresham 4 - Lansing 3
BOTTOM OF THE 8TH
Lansing Lugnuts batting - Pitching for Gresham Gold Souls : RHP Chris Sullivan
Pitching: LHP Allan Bader
Batting: LHB Jeffrey Satterley 0-0: Swinging Strike
0-1: Swinging Strike
0-2: Strikes out looking
Batting: RHB Sadao Kimura 0-0: Ball
1-0: Foul Ball, location: 2F
1-1: Ground out 5-3 (Groundball, 5S)
Batting: LHB Juan Colón 0-0: Swinging Strike
0-1: Ball
1-1: Ball
2-1: Called Strike
2-2: Foul Ball, location: 2F
2-2: Ball
3-2: Foul Ball, location: 2F
3-2: Foul Ball, location: 2F
3-2: Ground out 5-3 (Groundball, 56S)
Bottom of the 8th over - 0 run(s), 0 hit(s), 0 error(s), 0 left on base; Gresham 4 - Lansing 3
TOP OF THE 9TH
Gresham Gold Souls batting - Pitching for Lansing Lugnuts : RHP Nicoláo Gericota
Pitching: LHP Sergio Vargas
Batting: RHB Pablo Castillo 0-0: Called Strike
0-1: Ball
1-1: Foul Ball, location: 2F
1-2: Ball
2-2: Ball
3-2: Fly out, F8 (Flyball, 8LM)
Batting: RHB Luke McIndoe 0-0: Swinging Strike
0-1: Ground out 5-3 (Groundball, 5)
Batting: LHB Mike Young 0-0: Ball
1-0: Called Strike
1-1: Foul Ball, location: 2F
1-2: Ball
2-2: Foul Ball, location: 2F
2-2: Strikes out swinging
Top of the 9th over - 0 run(s), 0 hit(s), 0 error(s), 0 left on base; Gresham 4 - Lansing 3
BOTTOM OF THE 9TH
Lansing Lugnuts batting - Pitching for Gresham Gold Souls : LHP Allan Bader
Pitching: LHP Pepe Caro
Batting: RHB Lu-fang Huie 0-0: Ball
1-0: Ball
2-0: Fly out, F4 (Line Drive, 4)
Batting: RHB Michael Woodruff 0-0: SINGLE (Line Drive, 78S)
Pinch Runner at 1st Carlos Pérez:
Batting: LHB Francisco Marino 0-0: Hit by Pitch
Carlos Pérez to second
Pinch Runner at 1st Steve Hathaway:
Batting: RHB Matt Silver 0-0: Fly out, F7 (Flyball, 78M)
Batting: RHB Jim Tracy 0-0: Called Strike
0-1: Foul Ball, location: 2F
0-2: Foul Ball, location: 2F
0-2: Ball
1-2: Foul Ball, location: 2F
1-2: Reached on error, E6 (Groundball, 6)
Carlos Pérez to third
Steve Hathaway to second
Batting: RHB Jeff Packard 0-0: Ground out 5-3 (Groundball, 5L)
Bottom of the 9th over - 0 run(s), 1 hit(s), 1 error(s), 3 left on base; Gresham 4 - Lansing 3
This league is powered by Out of the Park Baseball, the baseball management simulation game for PC, Mac and Linux
Saturday, April 9th, 2016 - OOTP Baseball 16.8 Build 38